 Dungeon Crawl Stone Soup version 0.31-a0-40-g1d5085d191 (webtiles) character file.

Game seed: 16243720046549255429

55904 bande the Cleaver (level 14, -1/88 HPs)
             Began as a Gargoyle Fighter on May 17, 2023.
             Was the Champion of Okawaru.
             Shot with an arrow by Nessos (10 damage)
             ... on level 12 of the Dungeon.
             The game lasted 00:35:24 (22849 turns).

bande the Cleaver (Gargoyle Fighter)               Turns: 22849, Time: 00:35:24

Health: -1/88      AC: 32    Str: 21    XL:     14   Next: 79%
Magic:  0/22       EV:  6    Int:  9    God:    Okawaru [******]
Gold:   1587       SH:  8    Dex: 16    Spells: 13/13 levels left

rFire   . . .        C - +10 broad axe of Dung {speed, *Slow Will+ Dex+3}
rCold   + . .        O - +2 buckler of Imperfection {rElec}
rNeg    + . .        l - +0 plate armour
rPois   ∞            Y - +0 hat {Will+}
rElec   +            m - +0 cloak
rCorr   .            M - +1 pair of gloves
SInv    +            D - +2 pair of boots {Fly}
Will    +++..        e - amulet of guardian spirit Stlth
                     r - ring of see invisible
HPRegen 0.34/turn    U - ring of the Demonic Date {rC+ SInv}
MPRegen 0.18/turn

%: slow self (1%), guardian spirit
@: flying
A: sickness immunity, AC +10, big wings, negative energy resistance 1,
electricity resistance, torment resistance 1, petrification resistance
a: Renounce Religion, Heroism, Finesse, Duel


You were on level 12 of the Dungeon.
You worshipped Okawaru.
Okawaru was exalted by your worship.
You visited 3 branches of the dungeon, and saw 20 of its levels.

You collected 1647 gold pieces.
You spent 60 gold pieces at shops.

Inventory:

Hand Weapons
 a - a +1 war axe of venom
 h - a +0 broad axe
 C - the +10 broad axe of Dung (weapon) {speed, *Slow Will+ Dex+3}
   (You acquired it on level 10 of the Dungeon)

   Dex:       It affects your dexterity (+3).
   *Slow:     It may slow you when you take damage.
   Will:      It increases your willpower.
 Q - the +3 flail "Hurec" {pain, Dex+2}
   (You found it on level 5 of the Lair of Beasts)

   Dex:       It affects your dexterity (+2).
 S - a +0 broad axe of venom
Missiles
 N - 3 throwing nets (quivered)
Armour
 g - a +1 helmet
 j - a +1 scale mail of fire resistance
 l - a +0 plate armour (worn)
 m - a +0 cloak (worn)
 D - a +2 pair of boots of flying (worn)
 M - a +1 pair of gloves (worn)
 O - the +2 buckler of Imperfection (worn) {rElec}
   (Okawaru gifted it to you on level 5 of the Lair of Beasts)

   rElec:     It insulates you from electricity.
 X - the +1 buckler of Precision Catastrophes {rC++ rCorr}
   (Okawaru gifted it to you on level 12 of the Dungeon)

   rC:        It greatly protects you from cold.
   rCorr:     It protects you from acid and corrosion.
 Y - a +0 hat of willpower (worn)
Jewellery
 e - an amulet of guardian spirit (around neck)
 r - a ring of see invisible (left hand)
 y - a +6 ring of intelligence
 E - a ring of flight
 H - a ring of ice
 I - a ring of ice
 L - a ring of wizardry
 R - a +4 ring of slaying
 T - a ring of ice
 U - the ring of the Demonic Date (right hand) {rC+ SInv}
   (You found it on level 14 of the Dungeon)

   [ring of protection from cold]

   rC:        It protects you from cold.
   SInv:      It lets you see invisible.
Wands
 p - a wand of paralysis (17)
 s - a wand of digging (6)
 w - a wand of mindburst (22)
 x - a wand of flame (34)
 J - a wand of polymorph (6)
 P - a wand of roots (9)
Scrolls
 o - 6 scrolls of teleportation
 q - a scroll of fear
 u - 3 scrolls of magic mapping
 z - 4 scrolls of poison
 B - a scroll of enchant armour
 F - a scroll of blinking
 K - 4 scrolls of identify
 V - a scroll of silence
 W - a scroll of enchant weapon
Potions
 b - 2 potions of flight
 c - 3 potions of heal wounds
 d - 4 potions of might
 f - 3 potions of brilliance
 i - 5 potions of berserk rage
 k - 3 potions of mutation
 n - 5 potions of haste
 t - a potion of invisibility
 v - 9 potions of curing
 A - 3 potions of resistance
 G - 2 potions of ambrosia


   Skills:
 + Level 10.9 Fighting
 + Level 14.7 Axes
 + Level 10.4 Armour
 + Level 8.0 Shields
 * Level 10.7 Invocations
 * Level 9.5 Evocations


You had 13 spell levels left.
You didn't know any spells.
Your spell library contained the following spells:

 Spells                   Type           Power      Damage    Failure   Level
 Poisonous Vapours        Pois/Air       0%         N/A       100%        2
 Static Discharge         Conj/Air       0%         2-2/arc   100%        2
 Gell's Gravitas          Tloc           0%         N/A       100%        3
 Mephitic Cloud           Conj/Pois/Air  0%         N/A       100%        3
 Teleport Other           Tloc           0%         N/A       100%        3
 Airstrike                Air            0%         2d(0-16)  100%        4
 Borgnjor's Vile Clutch   Necr/Erth      0%         N/A       100%        5
 Freezing Cloud           Conj/Ice/Air   0%         6-21      100%        5
 Dispersal                Tloc           0%         N/A       100%        6
 Animate Dead             Necr           Unusable   N/A       N/A         4
 Summon Lightning Spire   Summ/Air       Unusable   N/A       N/A         4
 Death Channel            Necr           Unusable   N/A       N/A         6

Dungeon Overview and Level Annotations

Branches:
Dungeon (14/15)            Temple (1/1) D:6            Lair (5/5) D:10
  Swamp (0/4) Lair:2       Spider (0/4) Lair:2        Slime (0/5) Lair:4
    Orc (0/2) D:9
 Vaults: D:13-14

Altars:
Cheibriados
Dithmenos
Elyvilon
Fedhas
Gozag
Hepliaklqana
Kikubaaqudgha
Nemelex Xobeh
Okawaru
Qazlal
Ru
Sif Muna
Trog
Uskayaw
Vehumet
Wu Jian
Xom
Yredelemnul
The Shining One
Jiyva

Shops:
D:4 ?   D:8 (   D:11 *?*?   D:14 (

Portals:
Trove: D:10 (give 9 potions of haste)

Annotations:
D:12 Nessos
Lair:5 exclusion: obsidian statue


Innate Abilities, Weirdness & Mutations

You are immune to sickness and miasma.
Your stone body is resilient. (AC +10)
You are immune to poison.
Your large and strong wings let you fly.
You resist negative energy. (rN+)
You are resistant to electric shocks. (rElec)
You are resistant to unholy torment.
You are immune to petrification.


Message History

The two-headed ogre is almost dead.
Nessos intently looks at you, slowly moving their tail.
You block the two-headed ogre's attack. x2
Unknown command.
You slice the two-headed ogre!!
You kill the two-headed ogre!
Okawaru accepts your kill.
Nessos shouts, "I'm half human!
Half horse!
And all stone-cold KILLER!"
Nessos shoots an arrow.
The arrow hits you! The arrow burns you.
Your Shields skill increases to level 8!
Nessos shoots an arrow.
The arrow hits you! The arrow burns you.
Nessos shoots an arrow.
The arrow hits you!! The arrow burns you.
Things that are here:
a +0 giant club; a +0 giant club; a two-headed ogre corpse Nessos shoots an arrow.
You block the arrow.
Nessos shoots an arrow.
The arrow hits you! The arrow burns you.
Nessos shoots an arrow.
The arrow hits you but does no damage.
Nessos shoots an arrow.
The arrow hits you. The arrow burns you.
You hit Nessos.
Nessos is lightly wounded.
Nessos unwields a +1 longbow of flaming.
It stops flaming.
Nessos hits you but does no damage. You block Nessos's attack.
You slice Nessos!!
Nessos is moderately wounded.
Nessos hits you but does no damage. Nessos kicks you.
You slice Nessos!!
Nessos is severely wounded.
You block Nessos's attack. Nessos kicks you but does no damage.
Nessos gestures wildly while chanting.
Nessos blinks!
Nessos wields a +1 longbow of flaming.
It bursts into flame!
Nessos shoots an arrow.
The arrow hits you. The arrow burns you.
Nessos shoots an arrow.
The arrow hits you!
* * * LOW HITPOINT WARNING * * *
The arrow burns you!
* * * LOW HITPOINT WARNING * * *
Unknown command.
Nessos shoots an arrow.
The arrow hits you!
You die...

##################
#.................
#..(...c..........
#........@........
#.................
#........)........
########................
##.....#####'####.##..###
#......#......# #.# ###
#......#......# ..#
#......'......# ..#
##.....#......# ..#


You could see Nessos (fast).

Vanquished Creatures
  Gastronok (D:12)
  2 dire elephants (Lair:5)
  Harold (D:11)
  2 hydras
  Fannar (Lair:3)
  A centaur warrior (D:13)
  2 death knights
  2 boulder beetles
  3 two-headed ogres
  A death yak (Lair:5)
  2 tengu warriors (D:14)
  A skeletal warrior (D:13)
  Amaemon (D:8)
  A pharaoh ant (Lair:2)
  A spectral anaconda (Lair:5)
  A bog body (Lair:2)
  3 necromancers (Lair:5)
  A lindwurm (Lair:5)
  6 ugly things
  2 cyclopes
  A deep elf pyromancer (D:12)
  A manticore (D:10)
  Maurice (D:8)
  A dire elephant zombie (Lair:5)
  14 elephants
  A black mamba (Lair:2)
  An orange demon (D:9)
  2 molten gargoyles (D:14)
  3 gargoyles
  11 cane toads
  3 rime drakes
  A kobold demonologist (D:13)
  9 komodo dragons
  A dire elephant skeleton (Lair:5)
  A freezing wraith (D:13)
  4 polar bears
  A burning bush (Lair:1)
  3 meliai (D:14)
  2 trolls
  Grinder (D:4)
  12 blink frogs
  2 jumping spiders (Lair:2)
  A yak (shapeshifter) (D:8)
  A vampire (D:10)
  23 yaks
  A wraith (D:13)
  A fire elemental (D:14)
  An unseen horror simulacrum (D:10)
  3 wyverns
  A basilisk (shapeshifter) (D:14)
  3 steam dragons
  A basilisk (Lair:4)
  2 redbacks (Lair:2)
  8 vampire mosquitoes
  2 death yak simulacra (Lair:5)
  3 wargs (D:10)
  10 water moccasins
  A spectral cane toad (Lair:5)
  12 ice beasts
  4 black bears
  2 elephant zombies (Lair:5)
  5 orc warriors
  2 ogres (D:6)
  11 centaurs
  14 wolves
  An elephant skeleton (Lair:5)
  2 gnoll sergeants
  4 kobold brigands
  16 bullfrogs
  5 scorpions
  4 wights (D:6)
  6 killer bees (D:8)
  An elephant simulacrum (Lair:5)
  5 electric eels
  7 howler monkeys
  A lava snake (D:14)
  13 jellies
  5 hounds
  Crazy Yiuf (D:6)
  7 orc priests
  2 gnoll boudas
  6 orc wizards
  Terence (D:2)
  2 iguanas (D:6)
  5 centaur simulacra (D:10)
  22 gnolls
  8 adders
  5 shadow imps
  5 white imps
  A howler monkey simulacrum (D:10)
  7 ufetubi
  6 worms
  4 dart slugs
  40 orcs
  12 ball pythons
  3 bats (D:1)
  10 endoplasms
  8 giant cockroaches
  5 goblins
  8 hobgoblins
  6 jackals
  3 quokkas
  2 frilled lizards (D:1)
  30 kobolds
  8 rats
510 creatures vanquished.

Notes
Turn   | Place    | Note
-------+----------+-------------------------------------------
     0 | D:1      | bande the Gargoyle Fighter began the quest for the Orb.
     0 | D:1      | Reached XP level 1. HP: 14/14 MP: 1/1
    72 | D:1      | Reached XP level 2. HP: 19/19 MP: 2/2
   202 | D:1      | Reached skill level 2 in Axes
   297 | D:1      | Reached XP level 3. HP: 23/24 MP: 3/3
   740 | D:2      | Noticed Terence
   755 | D:2      | Killed Terence
   756 | D:2      | Reached XP level 4. HP: 22/29 MP: 1/4
  1362 | D:2      | Reached skill level 3 in Axes
  1559 | D:3      | Found a stormy altar of Qazlal.
  1699 | D:3      | Noticed an ice beast
  1707 | D:3      | Reached XP level 5. HP: 32/33 MP: 5/5
  1714 | D:3      | Killed an ice beast
  2058 | D:3      | Reached skill level 4 in Axes
  2058 | D:3      | Reached XP level 6. HP: 17/38 MP: 2/6
  2730 | D:4      | Found Vasezuel's Magic Scroll Boutique.
  2754 | D:4      | Noticed an ice beast
  2763 | D:4      | Killed an ice beast
  2764 | D:4      | Reached skill level 1 in Evocations
  2764 | D:4      | Reached XP level 7. HP: 44/44 MP: 7/7
  2925 | D:4      | Reached skill level 5 in Axes
  3290 | D:4      | Found a bloodstained altar of Trog.
  3311 | D:4      | Noticed Grinder
  3335 | D:4      | Killed Grinder
  3419 | D:4      | Reached skill level 6 in Axes
  3465 | D:4      | Reached XP level 8. HP: 48/48 MP: 8/8
  3477 | D:4      | Found a shadowy altar of Dithmenos.
  3654 | D:5      | Entered Level 5 of the Dungeon
  4175 | D:5      | Reached skill level 5 in Fighting
  4953 | D:6      | Reached skill level 5 in Armour
  4954 | D:6      | Found a staircase to the Ecumenical Temple.
  4964 | Temple   | Entered the Ecumenical Temple
  5046 | Temple   | Became a worshipper of Warmaster Okawaru
  5100 | D:6      | Reached skill level 1 in Invocations
  5244 | D:6      | Reached skill level 7 in Axes
  5363 | D:6      | Found a runed translucent door.
  5364 | D:6      | Noticed Crazy Yiuf
  5601 | D:6      | Reached XP level 9. HP: 24/54 MP: 3/10
  5734 | D:6      | Reached * piety under Okawaru
  5973 | D:6      | Killed Crazy Yiuf
  6682 | D:6      | Reached skill level 5 in Shields
  7385 | D:7      | Reached ** piety under Okawaru
  7386 | D:7      | Reached skill level 8 in Axes
  7559 | D:8      | Noticed a cyclops
  7569 | D:8      | Killed a cyclops
  7841 | D:8      | Noticed a troll
  7843 | D:8      | Noticed a wind drake
  7849 | D:8      | a wind drake changed into an entropy weaver
  7849 | D:8      | Noticed an entropy weaver (shapeshifter)
  7850 | D:8      | Killed a troll
  7850 | D:8      | Reached *** piety under Okawaru
  7851 | D:8      | Reached XP level 10. HP: 44/61 MP: 8/13
  7858 | D:8      | an entropy weaver changed into a shapeshifter
  8651 | D:8      | Found Ihankat's Weapon Shop.
  8665 | D:8      | Reached skill level 5 in Evocations
  8783 | D:8      | Noticed Maurice
  8805 | D:8      | Killed Maurice
  8806 | D:8      | Reached skill level 9 in Axes
  9448 | D:9      | Noticed an orange demon
  9449 | D:9      | Noticed Amaemon
  9472 | D:8      | Killed Amaemon
  9472 | D:8      | Reached **** piety under Okawaru
  9473 | D:8      | Reached skill level 5 in Invocations
  9659 | D:9      | Killed an orange demon
 10137 | D:9      | Reached XP level 11. HP: 47/67 MP: 10/15
 10862 | D:9      | Found a staircase to the Orcish Mines.
 10943 | D:10     | Entered Level 10 of the Dungeon
 11035 | D:10     | Reached ***** piety under Okawaru
 11050 | D:10     | Reached skill level 10 in Axes
 11068 | D:10     | Identified a scroll of acquirement
 11068 | D:10     | Acquired the +10 broad axe of Dung {speed, *Slow Will+
                  | Dex+3}
 11113 | D:10     | Found a portal to a secret trove of treasure.
 11226 | D:10     | Received a gift from Okawaru
 11300 | D:10     | Found a staircase to the Lair.
 11577 | D:10     | Noticed a manticore
 11591 | D:10     | Killed a manticore
 11871 | D:10     | Found a shimmering altar of Xom.
 12021 | Lair:1   | Entered Level 1 of the Lair of Beasts
 12102 | Lair:1   | Reached skill level 11 in Axes
 12401 | Lair:1   | Reached XP level 12. HP: 53/74 MP: 10/17
 13744 | Lair:2   | Received a gift from Okawaru
 14074 | Lair:2   | Found a staircase to the Swamp.
 14101 | Lair:2   | Reached ****** piety under Okawaru
 14113 | Lair:2   | Reached skill level 12 in Axes
 14431 | Lair:2   | Found a hole to the Spider Nest.
 14448 | Lair:2   | You are sucked into a shaft and drop 1 floor!
 14462 | Lair:3   | Identified the +4 ring mail of Umyec {Str+3} (Okawaru
                  | gifted it to you on level 3 of the Lair of Beasts)
 14462 | Lair:3   | Received a gift from Okawaru
 14465 | Lair:3   | Noticed a boulder beetle
 14504 | Lair:3   | Killed a boulder beetle
 14907 | Lair:3   | Reached XP level 13. HP: 79/80 MP: 19/19
 15078 | Lair:3   | Noticed Fannar
 15092 | Lair:3   | Killed Fannar
 16164 | Lair:4   | Reached skill level 13 in Axes
 16423 | Lair:4   | Found a staircase to the Slime Pits.
 16423 | Lair:4   | Found a viscous altar of Jiyva.
 16848 | Lair:5   | Entered Level 5 of the Lair of Beasts
 17145 | Lair:5   | Noticed a dire elephant
 17145 | Lair:5   | Noticed a dire elephant
 17175 | Lair:5   | Identified the +2 buckler of Imperfection {rElec} (Okawaru
                  | gifted it to you on level 5 of the Lair of Beasts)
 17175 | Lair:5   | Received a gift from Okawaru
 18146 | Lair:5   | Identified the +3 flail "Hurec" {pain, Dex+2}
 18649 | Lair:5   | Reached skill level 10 in Fighting
 18701 | Lair:5   | Killed a dire elephant
 18708 | Lair:5   | Killed a dire elephant
 19402 | Lair:5   | Gained mutation: Your large and strong wings let you fly.
                  | [Gargoyle growth]
 19402 | Lair:5   | Reached XP level 14. HP: 84/88 MP: 19/21
 19420 | Lair:5   | Reached skill level 10 in Armour
 19679 | Lair:5   | Reached skill level 14 in Axes
 20163 | D:11     | Noticed Harold
 20174 | D:11     | Killed Harold
 20466 | D:11     | Reached skill level 10 in Invocations
 20508 | D:11     | Found Qahuid's Magic Scroll Boutique.
 20565 | D:11     | Found Niats's General Store.
 20662 | D:11     | Found Isaghio's General Store.
 20666 | D:11     | Received a gift from Okawaru
 20797 | D:11     | You are sucked into a shaft and drop 3 floors!
 20863 | D:14     | Identified the ring of the Demonic Date {rC+ SInv}
 21251 | D:14     | Found Wifos's Weapon Boutique.
 22418 | D:11     | Found Vufec's Magic Scroll Boutique.
 22491 | D:11     | Bought a potion of heal wounds for 60 gold pieces
 22608 | D:12     | Identified the +1 buckler of Precision Catastrophes {rC++
                  | rCorr} (Okawaru gifted it to you on level 12 of the
                  | Dungeon)
 22608 | D:12     | Received a gift from Okawaru
 22609 | D:12     | Noticed Gastronok
 22628 | D:12     | Killed Gastronok
 22831 | D:12     | Noticed Nessos
 22849 | D:12     | Shot with an arrow by Nessos

Illustrated notes

Levels and vault maps discovered:
D:1:      mrwooster_arrival_statue_3, layout_loops_ring, grunt_decor_arrowhead
D:2:      layout_loops_ring, nicolae_wormholes, uniq_terence
D:3:      layout_basic, lemuel_doored_altar, serial_aquarium,
          aquarium_bridge_square [aquarium_subvault_bridge,
          aquarium_subvault_wall, aquarium_subvault_window,
          aquarium_subvault_bridge], aquarium_window_1, aquarium_window_fake,
          aquarium_window_fake, aquarium_window_fake, aquarium_view_2d,
          aquarium_balcony_5b, aquarium_pool_2, cheibrodos_sewer_entry_bend,
          minmay_misc_feat_tower, hex_large
D:4:      layout_loops_ring, kennysheep_mini,
          nicolae_dithmenos_through_a_glass_darkly, nicolae_inconvenience_store,
          chequers_arboretum, hex_medium, kennysheep_generic_room_5,
          uniq_grinder
D:5:      layout_layer_cave, serial_demonic, serial_demonic_f, serial_demonic_g,
          serial_demonic_e, serial_demonic_d
D:6:      layout_cave_pools, temple_fountains, corexii_shack,
          uniq_crazy_yiuf_cottage
D:7:      nicolae_whirlpool, layout_cave_pools, hellmonk_bongcloud_opening
D:8:      layout_layer_cave, serial_shops, nicolae_shop_tiny_glass,
          hangedman_minor_gate_pass, uniq_maurice
D:9:      layout_rooms, david_orc_4, uniq_amaemon
D:10:     layout_rooms, marbit_many_paths, erik_lair_orcish_takeover,
          enter_trove_1, serial_ice, serial_ice_n, serial_ice_h, serial_ice_i,
          serial_ice_o, serial_ice_e, serial_ice_d, serial_ice_m, serial_ice_c,
          serial_ice_a, serial_ice_g
D:11:     layout_roguey, serial_shops, shop, shop,
          nicolae_shop_tiny_real_fake_doors, nicolae_shop_rolled_up, uniq_harold
D:12:     layout_gridville, roderic_batcave, uniq_gastronok, uniq_nessos,
          uniq_jorgrun
D:13:     layout_loops_ring, david_vaults_1
D:14:     layout_big_octagon, serial_shops, shop, hangedman_cracks_in_the_wall
Temple:   hc_temple_tempest_star
Lair:1:   hellmonk_destroyed_diamonds, layout_misc_corridors, evilmike_ambush
          [evilmike_ambush_outer_doors, evilmike_ambush_inner_wall_1]
Lair:2:   layout_regular_city, skrybe_swamp_entry_bodies,
          nicolae_spider_entry_lesser_pyramids, serial_bayou_crossing,
          lemuel_fruit_tree, infiniplex_staircase_pool_2, grunt_megastairs_3
Lair:3:   statuecave_lemuel, layout_gridlike, uniq_fannar
Lair:4:   layout_regular_city, minmay_slime_entry_jelly_boxes,
          pdpol_lair_neglected_garden
Lair:5:   due_jungle_book, layout_regular_city, serial_bayou_shore_a

Skill      XL: |  1  2  3  4  5  6  7  8  9 10 11 12 13 14 |
---------------+-------------------------------------------+-----
Axes           | 2 3 4 6 7 8 9 11 12 13 14 | 14.7
Armour         | 4 5 6 7 8 9 10 | 10.4
Fighting       | 4 5 6 7 8 9 10 | 10.9
Shields        | 4 5 6 7 8 |  8.0
Evocations     | 1 2 3 4 5 6 7 8 9 |  9.5
Invocations    | 2 4 5 6 8 9 10 | 10.7

Action                     |  1- 3 |  4- 6 |  7- 9 | 10-12 | 13-15 || total
---------------------------+-------+-------+-------+-------+-------++-------
  Melee: War axe           |    95 |   146 |   333 |   251 |       ||   825
         Broad axe         |       |       |       |   358 |   544 ||   902
         Flail             |       |       |       |       |    20 ||    20
 Invoke: Heroism           |       |       |       |       |     1 ||     1
    Use: Scroll            |     2 |     7 |     6 |     9 |     5 ||    29
         Potion            |       |     1 |     1 |     3 |     2 ||     7
 Armour: Scale mail        |    43 |    18 |       |       |       ||    61
         Plate armour      |       |   106 |   323 |   471 |   426 ||  1326
  Dodge: Dodged            |    56 |    35 |   142 |   158 |   125 ||   516
  Block: Buckler           |    22 |    33 |    98 |   159 |   183 ||   495

Table legend: (Time is in decaauts)
 A = Elapsed time spent in this place.
 B = Non-inter-level travel time spent in this place.
 C = Inter-level travel time spent in this place.
 D = Time resting spent in this place.
 E = Time spent auto-exploring this place.
 F = Levels seen in this place.
 G = Mean time per level.
                   A        B        C        D        E       F      G
               +--------+--------+--------+--------+--------+-----+--------+
         Total |  22748 |  22162 |    586 |   7268 |  10723 |  20 | 1137.4 |
       Dungeon |  14738 |  14313 |    425 |   4205 |   7138 |  14 | 1052.7 |
        Temple |     95 |     83 |     12 |      0 |     58 |   1 |   95.0 |
          Lair |   7913 |   7764 |    149 |   3063 |   3527 |   5 | 1582.6 |
               +--------+--------+--------+--------+--------+-----+--------+

Top non-repeatable levels by time:
  Lair:5: 2527 daAuts
     D:8: 2101 daAuts
  Lair:1: 1715 daAuts
  Lair:4: 1598 daAuts
     D:6: 1597 daAuts
     D:9: 1327 daAuts
     D:5: 1292 daAuts
  Lair:3: 1149 daAuts
     D:4: 1128 daAuts
    D:10: 1083 daAuts
     D:3: 1049 daAuts
     D:7: 939 daAuts
    D:14: 925 daAuts
  Lair:2: 922 daAuts
     D:2: 819 daAuts
